Construct Section Command Post
Selects Indian Artillery Battlegroup
Construct Platoon Command Post
Selects Artillery Saturation
Unlock Bishop Self-propelled Artillery
Bishop Self-propelled Artillery
Selects Gurkha Rifles Section
6-pounder Anti-tank Gun Team
Construct Company Command Post
Selects Off-map Airburst Barrage
Selects Perimeter Monitor
Bishop Self-propelled Artillery
Unlock Towed 17-pounder Anti-tank Guns